 Dungeon Crawl Stone Soup version 0.29.1-15-g9cfb28693d (webtiles) character file.

Game seed: 7188673155473965275

560 imTrash the Slasher (level 7, -1/62 HPs)
             Began as a Minotaur Berserker on Apr 30, 2023.
             Was an Elder of Trog.
             Slain by Blork the orc
             ... wielding a +0 short sword
              (3 damage)
             ... on level 5 of the Dungeon.
             The game lasted 00:25:27 (3466 turns).

imTrash the Slasher (Minotaur Berserker)            Turns: 3466, Time: 00:25:28

Health: -1/62      AC:  7    Str: 23    XL:     7   Next: 9%
Magic:  6/6        EV:  8    Int:  4    God:    Trog [****..]
Gold:   204        SH:  0    Dex: 10    Spells: 6/6 levels left

rFire   . . .      SeeInvis .   a - +0 falchion
rCold   . . .      Faith    .   (no shield)
rNeg    . . .      Spirit   .   e - +0 scale mail
rPois   .          Reflect  .   (helmet restricted)
rElec   .          Harm     .   (no cloak)
rCorr   .          Rampage  .   (no gloves)
Will    .....                   (no boots)
Stlth   ..........              l - amulet of regeneration
HPRegen 1.00/turn               (no ring)
MPRegen 0.10/turn               (no ring)

@: grasped by roots, constricted
A: horns 2, retaliatory headbutt
a: Renounce Religion, Berserk, Trog's Hand, Brothers in Arms


You were on level 5 of the Dungeon.
You worshipped Trog.
Trog was greatly pleased with you.
You visited 2 branches of the dungeon, and saw 6 of its levels.
You also visited: Sewer.

You collected 204 gold pieces.

Inventory:

Hand Weapons
 a - a +0 falchion (weapon)
 w - a +0 giant club
Armour
 b - a +0 animal skin
 e - a +0 scale mail (worn)
 n - a +0 ring mail
Magical Staves
 t - a staff of death
Jewellery
 i - an amulet of regeneration
 l - an amulet of regeneration (around neck)
 r - an amulet of guardian spirit
Scrolls
 c - 2 scrolls of enchant armour {unknown}
 f - 3 scrolls of vulnerability {unknown}
 g - a scroll of silence {unknown}
 k - 2 scrolls of identify {unknown}
 m - 2 scrolls of magic mapping {unknown}
 s - a scroll of blinking
 u - 2 scrolls of teleportation {unknown}
 v - a scroll of poison {unknown}
Potions
 d - a potion of attraction {unknown}
 h - 2 potions of degeneration {unknown}
 j - a potion of mutation {unknown}
 o - a potion of resistance {unknown}
 p - 4 potions of curing {unknown}
 q - a potion of might {unknown}


   Skills:
 + Level 5.7 Fighting
 + Level 5.9 Long Blades
 + Level 5.9 Armour
 + Level 3.6 Dodging


You had 6 spell levels left.
You didn't know any spells.
Your spell library was empty.

Dungeon Overview and Level Annotations

Branches:
Dungeon (5/15)             Temple (1/1) D:4           Sewer (visited)

Altars:
Cheibriados
Dithmenos
Elyvilon
Fedhas
Gozag
Hepliaklqana
Kikubaaqudgha
Qazlal
Ru
Trog
Uskayaw
Vehumet
Wu Jian
Xom
Yredelemnul
Zin

Annotations:
D:5 Blork the orc


Innate Abilities, Weirdness & Mutations

You have a pair of horns on your head.
You reflexively headbutt those who attack you in melee.


Message History

Blork the orc hits you with a +0 short sword.
Blork the orc points at you and mumbles some strange words.
The magic dart hits you!
* * * LOW HITPOINT WARNING * * *
You hit Blork the orc.
Blork the orc is moderately wounded.
Blork the orc hits you with a +0 short sword.
* * * LOW HITPOINT WARNING * * *
Blork the orc hits you with a +0 short sword.
* * * LOW HITPOINT WARNING * * *
You hit Blork the orc.
Blork the orc is heavily wounded.
Blork the orc closely misses you. You furiously retaliate!
You headbutt Blork the orc. You barely miss Blork the orc.
Blork the orc is severely wounded.
Blork the orc screams, "I'll eat your brain!
And then I'll vomit it back up!"
Blork the orc zaps a wand.
The roots erupt in riotous growth!
The grasping roots grab you!
Blork the orc is unaffected.
The grasping roots constrict you.
Blork the orc gestures at you while chanting.
The puff of frost hits you.
* * * LOW HITPOINT WARNING * * *
The grasping roots constrict you.
* * * LOW HITPOINT WARNING * * *
You hear a shout!
You hit Blork the orc but do no damage. Your punch misses Blork the orc.
Blork the orc is severely wounded.
Blork the orc hits you but does no damage.
The grasping roots constrict you.
* * * LOW HITPOINT WARNING * * *
You barely miss Blork the orc.
Blork the orc is severely wounded.
Blork the orc points at you and mumbles some strange words.
The puff of frost hits you.
* * * LOW HITPOINT WARNING * * *
The grasping roots constrict you.
* * * LOW HITPOINT WARNING * * *
Blork the orc hits you with a +0 short sword.
You die...

.....###..#..#.#
.... ..........#
.o.##.......#
#.#........#
#..........#
#/.......#
##.....#.# #
##.###...##.####.#
.............o@..#
#.#####.....#######
##....^$.....
#.##<######. #.##.#
#.##.### #.##...#
#.####.# #. .#


You could see Blork the orc (fast).

Vanquished Creatures
  An ogre (D:4)
  2 bullfrogs (Sewer)
  A scorpion (D:4)
  A jelly (D:4)
  A hound (D:5)
  8 adders
  A river rat (D:3)
  2 worms
  2 dart slugs
  2 orcs (D:3)
  6 bats
  13 endoplasms
  8 giant cockroaches
  10 goblins
  10 hobgoblins
  8 jackals
  10 kobolds
  10 quokkas
  16 ball pythons
  9 frilled lizards
  10 rats
131 creatures vanquished.

Vanquished Creatures (others)
  2 fungi (D:1)
  9 plants (D:1)
11 creatures vanquished.

Grand Total: 142 creatures vanquished

Notes
Turn   | Place    | Note
-------+----------+-------------------------------------------
     0 | D:1      | imTrash the Minotaur Berserker began the quest for the Orb.
     0 | D:1      | Reached XP level 1. HP: 19/19 MP: 0/0
    59 | D:1      | Reached XP level 2. HP: 19/27 MP: 1/1
   548 | D:1      | Reached ** piety under Trog
   549 | D:1      | Reached XP level 3. HP: 33/33 MP: 2/2
   760 | D:1      | Found a faded altar of an unknown god.
  1067 | D:2      | Reached XP level 4. HP: 41/41 MP: 3/3
  1529 | D:3      | Found a hide-covered altar of Uskayaw.
  1537 | D:3      | Reached *** piety under Trog
  1600 | D:3      | Found a blossoming altar of Fedhas.
  1905 | D:3      | Reached XP level 5. HP: 40/47 MP: 4/4
  1911 | D:3      | Found a glowing drain.
  1915 | Sewer    | Entered a sewer
  2041 | Sewer    | Reached **** piety under Trog
  2203 | Sewer    | Reached skill level 5 in Fighting
  2203 | Sewer    | Reached skill level 5 in Long Blades
  2204 | Sewer    | Reached skill level 5 in Armour
  2204 | Sewer    | Reached XP level 6. HP: 27/56 MP: 5/5
  2932 | D:4      | Found an ancient bone altar of Kikubaaqudgha.
  3036 | D:4      | Reached XP level 7. HP: 58/62 MP: 6/6
  3192 | D:4      | Found a staircase to the Ecumenical Temple.
  3202 | Temple   | Entered the Ecumenical Temple
  3414 | D:5      | Entered Level 5 of the Dungeon
  3431 | D:5      | Noticed Blork the orc
  3466 | D:5      | HP: 2/62 [constriction (4)]
  3466 | D:5      | Slain by Blork the orc

Illustrated notes

Levels and vault maps discovered:
D:1:      wander_arrival_fairy_ring, layout_basic,
          chequers_ecumenical_altar_lobes, minmay_shallow_snake_nest
D:2:      minmay_chambers_of_twos, layout_basic, hangedman_decor_growths,
          wad_floor_pattern_untrapped
D:3:      layout_rooms, nicolae_uskayaw_suspiria, mainiacjoe_overflow_chevrons,
          gup_sewer_entry_spiral, hangedman_decor_riveting
D:4:      layout_loops_ring, nicolae_kikubaaqudgha_miasma_corner,
          minmay_temple_entry_enclosed_plants
D:5:      black_bear_nest_2, layout_loops_ring, uniq_blork_the_orc
Temple:   compressed_dpeg_triangle_lava_temple

Skill      XL: |  1  2  3  4  5 |
---------------+----------------+-----
Fighting       | 4 5 |  5.7
Long Blades    | 4 5 |  5.9
Armour         | 3 5 |  5.9
Dodging        | 3 |  3.6

Action                   |  1- 3 |  4- 6 |  7- 9 || total
-------------------------+-------+-------+-------++-------
Melee: Falchion          |   112 |   244 |    17 ||   373
       Headbutt          |    22 |    32 |     5 ||    59
       Punch             |     1 |     1 |       ||     2
Armor: Animal skin       |     8 |       |       ||     8
       Scale mail        |    28 |   120 |     2 ||   150
Dodge: Dodged            |    58 |   151 |     9 ||   218
